 Dungeon Crawl Stone Soup version 0.31-a0-618-g7ca08c1ff9 (webtiles) character file.

Game seed: 17669356339760481647

44 thirtiethelement the Trooper (level 3, -7/29 HPs)
             Began as a Demonspawn Cinder Acolyte on Aug 23, 2023.
             Was a High Priest of Ignis.
             Mangled by a black bear (12 damage)
             ... on level 3 of the Dungeon.
             The game lasted 00:03:23 (1764 turns).

thirtiethelement the Trooper (DsCA)                 Turns: 1764, Time: 00:03:24

Health: -7/29      AC:  3    Str: 14    XL:     3   Next: 41%
Magic:  0/4        EV: 11    Int: 17    God:    Ignis [*****.]
Gold:   109        SH:  0    Dex:  8    Spells: 2/4 levels left

rFire   + . .        a - -1 hand axe (flame)
rCold   . . .        (no shield)
rNeg    . . .        c - +0 leather armour
rPois   +            (no helmet)
rElec   .            (no cloak)
rCorr   .            (no gloves)
SInv    .            (no boots)
Will    +....        (no amulet)
Stlth   +            h - ring of willpower
HPRegen 0.24/turn    j - ring of poison resistance
MPRegen 0.09/turn

%: no passive effects
@: no status effects
A: claws 1, powered by pain 1
a: Renounce Religion, Fiery Armour, Foxfire Swarm, Rising Flame


You were on level 3 of the Dungeon.
You worshipped Ignis.
Ignis was extremely pleased with you.
You visited 1 branch of the dungeon, and saw 3 of its levels.

You collected 109 gold pieces.

Inventory:

Hand Weapons
 a - a -1 hand axe of flaming (weapon)
Armour
 c - a +0 leather armour (worn)
Jewellery
 h - a ring of willpower (left claw)
 j - a ring of poison resistance (right claw)
Talismans
 k - a maw talisman
Wands
 n - a wand of iceblast (8)
Scrolls
 d - a scroll of blinking {unknown}
 f - a scroll of butterflies {unknown}
 g - a scroll of teleportation {unknown}
 i - a scroll of poison {unknown}
Potions
 b - 3 potions of cancellation {unknown}
 e - 2 potions of curing {unknown}
 l - a potion of mutation {unknown}
 m - a potion of might {unknown}


   Skills:
 + Level 3.2 Fighting
 + Level 3.0 Axes
 + Level 1.0 Armour
 + Level 0.3 Dodging
 + Level 1.1 Spellcasting
 + Level 3.2 Fire Magic


You had 2 spell levels left.
You knew the following spells:

 Your Spells              Type           Power      Damage    Failure   Level
a - Scorch                Fire           22%        2d5       11%         2

Your spell library contained the following spells:

 Spells                   Type           Power      Damage    Failure   Level


Dungeon Overview and Level Annotations

Branches:
Dungeon (3/15)

Altars:

Shops:
D:1 =   D:2 (


Innate Abilities, Weirdness & Mutations

You have sharp fingernails.
You sometimes gain a little power by taking damage.


Message History

A black bear comes into view.
Found a cloak.
Casting: Scorch (safe; 11% risk of failure)
Confirm with . or Enter, or press ? or * to list all spells.
Flames lash the black bear.
The black bear is lightly wounded.
The black bear's fire resistance burns away.
The black bear closely misses you. The black bear barely misses you.
The black bear claws you.
Casting: Scorch (safe; 11% risk of failure)
Confirm with . or Enter, or press ? or * to list all spells.
Flames lash the black bear.
The black bear is burned terribly!
The black bear is moderately wounded.
The black bear bites you but does no damage.
The black bear barely misses you.
The black bear claws you but does no damage.
The black bear attacks as it pursues you!
The black bear closely misses you.
The black bear claws you but does no damage.
The black bear closely misses you.
You slash the black bear! You burn the black bear.
The black bear is severely wounded.
The black bear goes berserk!
You closely miss the black bear.
The black bear is severely wounded.
The black bear barely misses you. The black bear claws you.
The black bear closely misses you.
You closely miss the black bear.
The black bear is severely wounded.
The black bear bites you.
The black bear claws you but does no damage.
The black bear barely misses you. The black bear bites you.
The black bear claws you. x2
You hit the black bear. You burn the black bear.
The black bear is almost dead.
The black bear is no longer more vulnerable to fire.
The black bear completely misses you. The black bear claws you.
* * * LOW HITPOINT WARNING * * *
The black bear closely misses you. The black bear bites you!
You die...

....... .......
.......##
......... ..
........###....
#........[....
#...# #..h#
#.####..@##
#.......^.#
.....###.#
...#.# #.#
##.#.# #.#
###.#.###.#
#......##.#
+....<.##.#
##......##.#


You could see a black bear (berserk).

Vanquished Creatures
  An adder (D:2)
  A worm (D:2)
  A dart slug (D:1)
  4 ball pythons
  4 endoplasms
  2 giant cockroaches
  2 hobgoblins (D:1)
  4 kobolds
  5 bats
  A frilled lizard (D:2)
  A goblin (D:1)
  4 rats
30 creatures vanquished.

Notes
Turn   | Place    | Note
-------+----------+-------------------------------------------
     0 | D:1      | thirtiethelement the Demonspawn Cinder Acolyte began the
                  | quest for the Orb.
     0 | D:1      | Reached XP level 1. HP: 18/18 MP: 2/2
   296 | D:1      | Gained mutation: You sometimes gain a little power by
                  | taking damage. [demonic ancestry]
   296 | D:1      | Reached XP level 2. HP: 24/24 MP: 3/3
   327 | D:1      | Learned a level 2 spell: Scorch
   333 | D:1      | Found Isathrau's Jewellery Shoppe.
  1051 | D:2      | Gained mutation: You have sharp fingernails. [demonic
                  | ancestry]
  1051 | D:2      | Reached XP level 3. HP: 29/29 MP: 1/4
  1189 | D:2      | Reached skill level 1 in Armour
  1606 | D:2      | Found Arphyuh's Antique Weapon Boutique.
  1756 | D:3      | Noticed a black bear
  1764 | D:3      | Mangled by a black bear

Illustrated notes

Levels and vault maps discovered:
D:1:      minmay_arrival_three_doors, layout_loops_ring, serial_shops, shop,
          item_on_display_a
D:2:      layout_basic, serial_shops, nicolae_lakefront_shop,
          hangedman_decor_peaks_small, dk_noncrumbling_3
D:3:      layout_basic, minmay_quantized, uniq_natasha

Skill      XL: |  1  2  3 |
---------------+----------+-----
Fire Magic     | 3 |  3.2
Axes           | 3 |  3.0
Armour         | 1 |  1.0
Fighting       | |  3.2
Dodging        | |  0.3
Spellcasting   | |  1.1

Action                     || total
---------------------------++-------
  Melee: Hand axe          ||    74
         Punch             ||     1
   Cast: Scorch            ||    21
 Armour: Leather armour    ||    42
  Dodge: Dodged            ||    75

Table legend: (Time is in decaauts)
 A = Elapsed time spent in this place.
 B = Non-inter-level travel time spent in this place.
 C = Inter-level travel time spent in this place.
 D = Time resting spent in this place.
 E = Time spent auto-exploring this place.
 F = Levels seen in this place.
 G = Mean time per level.
                   A        B        C        D        E       F      G
               +--------+--------+--------+--------+--------+-----+--------+
         Total |   1774 |   1693 |     81 |      0 |   1428 |   3 |  591.3 |
       Dungeon |   1774 |   1693 |     81 |      0 |   1428 |   3 |  591.3 |
               +--------+--------+--------+--------+--------+-----+--------+

Top non-repeatable levels by time:
     D:2: 878 daAuts
     D:1: 871 daAuts
     D:3: 24 daAuts
